 Dungeon Crawl Stone Soup version 0.29-a0-757-g358383bc75 (console) character file.

Game seed: 12184004485254160422

2857 om the Cudgeller (level 9, -4/84 HPs)
             Began as a Troll Fighter on June 30, 2022.
             Was an Initiate of Qazlal.
             Slain by a hornet (12 damage)
             ... on level 7 of the Dungeon.
             The game lasted 00:12:36 (6754 turns).

om the Cudgeller (Troll Fighter)                    Turns: 6754, Time: 00:12:37

Health: -4/84      AC: 11    Str: 28    XL:     9   Next: 47%
Magic:  8/8        EV:  8    Int:  4    God:    Qazlal [......]
Gold:   374        SH:  9    Dex: 17    Spells: 8/8 levels left

rFire   + + .      SeeInvis .   a - +0 flail
rCold   x . .      Faith    .   c - +0 kite shield
rNeg    . . .      Spirit   .   u - +0 fire dragon scales
rPois   .          Reflect  .   (helmet restricted)
rElec   .          Harm     .   (no cloak)
rCorr   .          Rampage  .   (gloves unavailable)
Will    +....                   (boots unavailable)
Stlth   ..........              (no amulet)
HPRegen 1.04/turn               e - +6 ring of dexterity
MPRegen 0.11/turn               l - ring of willpower

@: lethally poisoned (-4 -> -6), slowed, invisible, very slow
A: large, unfitting armour, claws 3, regeneration 1, shaggy fur 1, tough skin 1
a: Renounce Religion


You were on level 7 of the Dungeon.
You worshipped Qazlal.
Qazlal was noncommittal.
You visited 2 branches of the dungeon, and saw 8 of its levels.

You collected 374 gold pieces.

Inventory:

Hand Weapons
 a - a +0 flail (weapon)
 b - the +3 sling of Greatest Utility {freeze, rF+ rC++ Str+4 Int-2}
   (You found it on level 5 of the Dungeon)

   Any ammunition fired from it freezes those it strikes, dealing additional
   cold damage.
   It can also slow down cold-blooded creatures.
   Str:       It affects your strength (+4).
   Int:       It affects your intelligence (-2).
   rF:        It protects you from fire.
   rC:        It greatly protects you from cold.
 d - a +0 giant club
 o - a +2 whip of freezing
 F - a +0 whip of electrocution
Missiles
 t - 16 poisoned darts (quivered)
 B - a throwing net
Armour
 c - a +0 kite shield (worn)
 u - +0 fire dragon scales (worn)
 C - a +0 robe
 G - a +2 robe of willpower
Jewellery
 e - a +6 ring of dexterity (left claw)
 f - an amulet of magic regeneration
 l - a ring of willpower (right claw)
Wands
 w - a wand of quicksilver (10)
 x - a wand of flame (2)
 y - a wand of iceblast (13)
 E - a wand of digging (5)
Scrolls
 g - 4 scrolls of blinking
 i - 2 scrolls of noise
 m - a scroll of magic mapping
 r - a scroll of poison
 s - 2 scrolls of torment
 v - 2 scrolls of teleportation
 A - a scroll of enchant weapon {unknown}
 D - a scroll of amnesia {unknown}
Potions
 h - a potion of berserk rage {unknown}
 k - a potion of brilliance
 n - a potion of attraction
 p - a potion of magic {unknown}
 z - a potion of mutation {unknown}


   Skills:
 - Level 4.0 Fighting
 + Level 6.1 Maces & Flails
 * Level 4.2 Ranged Weapons
 - Level 5.0 Armour
 - Level 4.0 Dodging
 - Level 4.0 Shields
 * Level 1.1 Invocations
 + Level 2.2 Evocations


You had 8 spell levels left.
You didn't know any spells.
Your spell library contained the following spells:

 Spells                   Type           Power      Damage    Failure   Level
 Beastly Appendage        Tmut           0%         N/A       97%         1
 Magic Dart               Conj           0%         1d3       97%         1
 Call Imp                 Summ           0%         N/A       99%         2
 Wereblood                Tmut           0%         N/A       99%         2
 Conjure Flame            Conj/Fire      0%         6-21      100%        3
 Ignite Poison            Fire/Tmut/Pois 0%         N/A       100%        3
 Mephitic Cloud           Conj/Pois/Air  0%         N/A       100%        3
 Spider Form              Tmut/Pois      0%         N/A       100%        3
 Animate Armour           Summ/Erth      0%         N/A       100%        4
 Sticky Flame             Conj/Fire      0%         2d3       100%        4
 Blade Hands              Tmut           0%         N/A       100%        5
 Iskenderun's Battlesphe  Conj           0%         2d6       100%        5
 Iron Shot                Conj/Erth      0%         9d1       100%        6
 Spellforged Servitor     Conj/Summ      0%         N/A       100%        7


Dungeon Overview and Level Annotations

Branches:
Dungeon (7/15)             Temple (1/1) D:7

Altars:
Cheibriados
Dithmenos
Elyvilon
Fedhas
Gozag
Hepliaklqana
Kikubaaqudgha
Makhleb
Nemelex Xobeh
Okawaru
Qazlal
Ru
Sif Muna
Trog
Uskayaw
Vehumet
Wu Jian
Xom
Yredelemnul
Zin
The Shining One

Portals:
Abyss: D:7

Annotations:
D:6 2 transporters, blackman's ghost, weakling HuDe
D:7 2 transporters


Innate Abilities, Weirdness & Mutations

You are too large for most types of armour.
You have claws for hands.
Your natural rate of healing is unusually fast.
You are covered in fur. (AC +1)
You have tough skin. (AC +1)


Message History

The hornet is lightly wounded.
The hornet stings you!
You are poisoned.
You feel yourself slow down. You block the hornet's attack.
You hit the hornet.
The hornet is lightly wounded.
You feel very sick. The hornet stings you.
You are more poisoned.
You feel as though you will be slow longer.
The hornet barely misses you.
You barely miss the hornet.
The hornet is lightly wounded.
You feel extremely sick. You block the hornet's attack. The hornet stings you!
You feel as though you will be slow longer.
The hornet stings you!
You feel as though you will be slow longer.
You fade into invisibility!
You feel very sick. The hornet stings you!
You feel as though you will be slow longer.
You block the hornet's attack. x2
You feel sick. The hornet completely misses you.
You feel sick. The hornet closely misses you.
You feel sick. The hornet stings you!
* * * LOW HITPOINT WARNING * * *
You are more poisoned.
You feel as though you will be slow longer.
The hornet barely misses you.
You feel very sick. The hornet stings you!
* * * LOW HITPOINT WARNING * * *
You feel as though you will be slow longer.
You hit the hornet.
The hornet is moderately wounded.
You feel very sick. You block the hornet's attack.
The hornet closely misses you. The hornet stings you!
You die...

##... ##..###
#...#..## ......#
###..###......###
......#
##......###...## #
......# ###...##
###..### ## ......#
##..# ##...###.
......# #..## ##......
......# #..# ##...##
......# #..# #..##
......# ####@.# ##..#
........ .###...y.##
#..## ........
..........## ####..#
.###....
...#####...####.....##
# ## ... .#
##............### ..
###....####..... .
..### ##...# . ..#
##.## ##x ...# ..#
#..#


You could see a hornet (unable to see you).

Vanquished Creatures
  Pikel (D:6)
  Prince Ribbit (D:6)
  A steam dragon (D:6)
  Menkaure (D:5)
  2 water moccasins (D:7)
  A black bear (D:7)
  A sky beast (D:5)
  2 ogres
  3 centaurs
  A phantom (D:6)
  A lemure (D:6)
  A bullfrog (D:6)
  2 necrophages
  3 scorpions
  2 howler monkeys
  3 hounds
  A jelly (Temple)
  A gnoll shaman (D:7)
  2 orc priests (D:6)
  7 iguanas
  3 orc wizards
  11 adders
  7 gnolls
  A white imp (D:7)
  2 ufetubi
  5 worms
  3 dart slugs
  13 orcs
  4 endoplasms
  3 giant cockroaches (D:1)
  3 goblins
  5 hobgoblins
  5 jackals
  5 quokkas
  12 ball pythons
  4 bats
  A frilled lizard (D:2)
  2 kobolds
  A rat (D:3)
127 creatures vanquished.

Notes
Turn   | Place    | Note
-------+----------+-------------------------------------------
     0 | D:1      | om the Troll Fighter began the quest for the Orb.
     0 | D:1      | Reached XP level 1. HP: 22/22 MP: 0/0
    59 | D:1      | Reached skill level 2 in Maces & Flails
   104 | D:1      | Found a faded altar of an unknown god.
   109 | D:1      | Reached XP level 2. HP: 24/29 MP: 1/1
   410 | D:1      | Reached XP level 3. HP: 36/36 MP: 2/2
   847 | D:2      | Noticed an ogre
   861 | D:2      | Killed an ogre
   862 | D:2      | Reached skill level 3 in Maces & Flails
   862 | D:2      | Reached XP level 4. HP: 15/45 MP: 3/3
  1072 | D:2      | Reached XP level 5. HP: 53/53 MP: 4/4
  2093 | D:4      | Reached skill level 4 in Maces & Flails
  2093 | D:4      | Reached XP level 6. HP: 59/61 MP: 5/5
  2350 | D:4      | Found a shimmering blue altar of Sif Muna.
  2574 | D:4      | Reached skill level 5 in Maces & Flails
  2574 | D:4      | Reached XP level 7. HP: 51/67 MP: 6/6
  2926 | D:5      | Entered Level 5 of the Dungeon
  3003 | D:5      | Noticed Menkaure
  3087 | D:5      | Reached skill level 1 in Armour
  3360 | D:5      | Found a radiant altar of Vehumet.
  3466 | D:5      | Killed Menkaure
  3467 | D:5      | Reached XP level 8. HP: 22/78 MP: 7/7
  3673 | D:5      | Identified the +3 sling of Greatest Utility {freeze, rF+
                  | rC++ Str+4 Int-2}
  3738 | D:5      | Found an ornate altar of the Wu Jian Council.
  4205 | D:6      | Found a transporter.
  4205 | D:6      | Noticed blackman's ghost (weakling HuDe)
  4206 | D:6      | Found a transporter.
  4210 | D:6      | Identified the +8 great mace of Noon {vorpal, Dex+6}
  4270 | D:6      | Reached skill level 1 in Ranged Weapons
  4698 | D:6      | Noticed Prince Ribbit
  4741 | D:6      | Killed Prince Ribbit
  4742 | D:6      | Reached skill level 5 in Armour
  5105 | D:6      | Found a transporter.
  5105 | D:6      | Noticed Pikel
  5106 | D:6      | Found a transporter.
  5127 | D:6      | Killed Pikel
  5128 | D:6      | Reached skill level 1 in Evocations
  5128 | D:6      | Reached XP level 9. HP: 66/84 MP: 8/8
  5940 | D:7      | Found a transporter.
  6074 | D:7      | Found a one-way gate to the infinite horrors of the Abyss.
  6148 | D:7      | Found a transporter.
  6278 | D:7      | Found a staircase to the Ecumenical Temple.
  6289 | D:7      | Reached skill level 6 in Maces & Flails
  6296 | Temple   | Entered the Ecumenical Temple
  6501 | Temple   | Became a worshipper of Qazlal Stormbringer
  6668 | D:7      | Reached skill level 1 in Invocations
  6754 | D:7      | Slain by a hornet

Illustrated notes

Levels and vault maps discovered:
D:1:      matt_arrival_grand_opening, layout_loops_ring,
          hellmonk_ecumenical_altar_blasted
D:2:      layout_loops_ring
D:3:      layout_loops_ring
D:4:      nicolae_BIG_FREAKIN_CUBE, layout_basic,
          nicolae_overflow_crystal_walls, minmay_close_crescents
D:5:      layout_rooms, mainiacjoe_overflow_swirl, uniq_menkaure
D:6:      layout_basic, gammafunk_ghost_smash, st_stairs_13,
          minmay_misc_feat_secret_circle, uniq_prince_ribbit1, uniq_pikel
D:7:      layout_layer_cave, minmay_temple_entry_mist,
          gammafunk_ghost_abyssal_escape
Temple:   eino_narrow_crystal_temple

Skill      XL: |  1  2  3  4  5  6  7  8  9 |
---------------+----------------------------+-----
Maces & Flails | 2 3 4 5 6 |  6.1
Shields        | 3 4 |  4.0
Fighting       | 3 4 |  4.0
Dodging        | 3 4 |  4.0
Armour         | 3 5 |  5.0
Ranged Weapons | 3 4 |  4.2
Evocations     | 1 2 |  2.2
Invocations    | 1 |  1.1

Action                   |  1- 3 |  4- 6 |  7- 9 || total
-------------------------+-------+-------+-------++-------
Melee: Flail             |    93 |   106 |   182 ||   381
       Whip              |       |    58 |   186 ||   244
 Fire: Sling             |       |       |    17 ||    17
Evoke: Wand              |       |       |     9 ||     9
  Use: Scroll            |     2 |     1 |     8 ||    11
       Potion            |     1 |       |     2 ||     3
 Stab: Sleeping          |     1 |     5 |       ||     6
Armor: Robe              |    22 |    32 |       ||    54
       Fire dragon scale |       |       |   148 ||   148
Dodge: Dodged            |    29 |    52 |   151 ||   232
Block: Kite shield       |    47 |    79 |   213 ||   339

Table legend: (Time is in decaauts)
 A = Elapsed time spent in this place.
 B = Non-inter-level travel time spent in this place.
 C = Inter-level travel time spent in this place.
 D = Time resting spent in this place.
 E = Time spent auto-exploring this place.
 F = Levels seen in this place.
 G = Mean time per level.
                   A        B        C        D        E       F      G
               +--------+--------+--------+--------+--------+-----+--------+
         Total |   6883 |   6634 |    249 |    704 |   4385 |   8 |  860.4 |
       Dungeon |   6662 |   6434 |    228 |    704 |   4202 |   7 |  951.7 |
        Temple |    221 |    200 |     21 |      0 |    183 |   1 |  221.0 |
               +--------+--------+--------+--------+--------+-----+--------+

Top non-repeatable levels by time:
     D:6: 1970 daAuts
     D:4: 944 daAuts
     D:5: 872 daAuts
     D:7: 777 daAuts
     D:2: 762 daAuts
     D:1: 759 daAuts
     D:3: 575 daAuts
  Temple: 221 daAuts
